 Dungeon Crawl Stone Soup version 0.31-a0-750-gfe7b580527 (webtiles) character file.

Game seed: 17089307287565506131

2478 tilp the Covert (level 9, -5/69 HPs)
             Began as a Vampire Enchanter on Sept 15, 2023.
             Was an Initiate of Wu Jian.
             Slain by a spriggan
             ... wielding a +0 spear
              (9 damage)
             ... in a bailey.
             The game lasted 00:10:56 (5469 turns).

tilp the Covert (Vampire Enchanter)                 Turns: 5469, Time: 00:10:56

Health: -5/69      AC:  4    Str:  7    XL:     9   Next: 27%
Magic:  11/16      EV: 18    Int: 21    God:    Wu Jian [......]
Gold:   402        SH:  0    Dex: 15    Spells: 6/17 levels left

rFire   + . .        a - +3 dagger
rCold   . . .        (no shield)
rNeg    . . .        b - +0 robe
rPois   .            f - +0 helmet
rElec   .            (no cloak)
rCorr   .            k - +0 pair of gloves
SInv    +            (no boots)
Will    .....        i - amulet of magic regeneration
Stlth   ++++         h - ring of protection from fire
HPRegen 0.51/turn    s - +5 ring of evasion
MPRegen 0.55/turn

%: no passive effects
@: healing quickly
A: alive, fangs 3, see invisible, vampiric 2
a: Exsanguinate, Renounce Religion


You were in a bailey.
You worshipped Wu Jian.
Wu Jian was noncommittal.
You visited 2 branches of the dungeon, and saw 8 of its levels.
You also visited: Bailey.

You collected 402 gold pieces.

Inventory:

Hand Weapons
 a - a +3 dagger (weapon)
 u - a +1 falchion of flaming
 v - a +1 dagger of protection
Missiles
 d - 4 boomerangs
 e - 7 poisoned darts (quivered)
 m - a throwing net
Armour
 b - a +0 robe (worn)
 f - a +0 helmet (worn)
 k - a +0 pair of gloves (worn)
 n - an orb of energy
Jewellery
 h - a ring of protection from fire (left hand)
 i - an amulet of magic regeneration (around neck)
 s - a +5 ring of evasion (right hand)
Wands
 r - a wand of roots (11)
 t - a wand of quicksilver (12)
Scrolls
 g - 5 scrolls of teleportation
Potions
 c - 3 potions of invisibility
 j - a potion of cancellation
 l - a potion of ambrosia
 o - a potion of attraction {unknown}
 p - 2 potions of haste
 q - a potion of lignification


   Skills:
 - Level 6.0 Fighting
 + Level 5.6 Short Blades
 - Level 4.0 Dodging
 + Level 8.8 Stealth
 + Level 4.9 Spellcasting
 - Level 8.0 Hexes
 - Level 2.0 Evocations


You had 6 spell levels left.
You knew the following spells:

 Your Spells              Type           Power      Damage    Failure   Level
a - Ensorcelled Hibernat  Hex/Ice        42%        N/A       3%          2
b - Confusing Touch       Hex            38%        N/A       1%          3
c - Tukima's Dance        Hex            38%        N/A       1%          3
d - Dazzling Flash        Conj/Hex       42%        N/A       6%          3

Your spell library contained the following spells:

 Spells                   Type           Power      Damage    Failure   Level
 Sublimation of Blood     Necr           5%         N/A       17%         2
 Ignite Poison            Fire/Tmut/Pois 5%         N/A       32%         3
 Volatile Blastmotes      Fire/Tloc      10%        2d10      32%         3
 Petrify                  Tmut/Erth      5%         N/A       73%         4
 Sticky Flame             Conj/Fire      5%         2d3       73%         4
 Irradiate                Conj/Tmut      2%         3d12      97%         5
 Starburst                Conj/Fire      2%         6d3       100%        6
 Ignition                 Fire           2%         3d3       100%        8
 Maxwell's Capacitive Co  Air            2%         ∞         100%        8


Dungeon Overview and Level Annotations

Branches:
Dungeon (7/15)             Temple (1/1) D:6          Bailey (1/1)

Altars:
Ashenzari
Dithmenos
Fedhas
Hepliaklqana
Makhleb
Nemelex Xobeh
Okawaru
Qazlal
Ru
Sif Muna
Trog
Uskayaw
Vehumet
Wu Jian
Xom
Yredelemnul


Innate Abilities, Weirdness & Mutations

Your natural rate of healing is accelerated.
You have razor-sharp teeth.
You have supernaturally acute eyesight. (SInv)
You are afflicted with vampirism and can become a bat while bloodless.


Message History

Confirm with . or Enter, or press ? or * to list all spells.
Aiming: Ensorcelled Hibernation (safe; 3% risk of failure)
Press: ? - help, Shift-Dir - straight line, f/p - spriggan
Aim: a spriggan, wielding a +0 trident (chance to affect: 21%)
The spriggan resists with almost no effort.
The spriggan hits you from afar with a +0 spear.
The spriggan hits you from afar with a +0 trident!
* * * LOW HITPOINT WARNING * * *
Casting: Ensorcelled Hibernation (safe; 3% risk of failure)
Confirm with . or Enter, or press ? or * to list all spells.
Casting: Dazzling Flash (dangerous; 6% risk of failure)
Press: ? - help, Dir - look around, f - activate The spriggan is dazzled. x2; The spriggan misses you.
The spriggan hits you from afar with a +0 spear!
* * * LOW HITPOINT WARNING * * *
Unknown command.
You lunge at the spriggan.
You catch the helpless spriggan completely off-guard!
You spit the spriggan like a pig!!!
You kill the spriggan!
The Council accepts your kill.
A spriggan comes into view. It is wielding a +0 spear.
An ogre comes into view. It is wielding a +0 halberd.
You lunge at the spriggan.
You closely miss the spriggan. The spriggan completely misses you.
Things that are here:
a +0 trident; a spriggan corpse Unknown command.
You completely miss the spriggan. The spriggan barely misses you.
A spriggan comes into view. It is wielding a +0 spear.
You hit the spriggan.
The spriggan is moderately wounded.
The ogre hits you but does no damage.
The spriggan hits you from afar with a +0 spear!
* * * LOW HITPOINT WARNING * * *
The spriggan closely misses you.
Unknown command.
The spriggan is no longer blind.
The spriggan hits you from afar with a +0 spear!
You die...

##### #.....
#.... ##.i.
##O.# ##ii#
#.)## #.@#
#..# #.)# #..♣
#..# #..##
##..## #.
##..♣# #..
##..#######..#


You could see an ogre and 3 spriggans.

Vanquished Creatures
  A hornet (D:5)
  A spriggan (Bailey)
  Eustachio (D:5)
  A steam dragon (D:6)
  3 water moccasins
  2 ice beasts
  An orc warrior (D:6)
  3 ogres
  3 centaurs
  2 scorpions
  3 jellies
  4 hounds
  5 orc priests
  Ijyb (D:4)
  2 iguanas
  2 orc wizards (D:7)
  A gnoll (D:1)
  6 adders
  3 ufetubi
  23 orcs
  5 ball pythons
  4 endoplasms (D:1)
  4 giant cockroaches
  11 goblins
  6 hobgoblins
  5 quokkas
  8 bats
  9 frilled lizards
  7 kobolds
  4 rats
131 creatures vanquished.

Notes
Turn   | Place    | Note
-------+----------+-------------------------------------------
     0 | D:1      | tilp the Vampire Enchanter began the quest for the Orb.
     0 | D:1      | Reached XP level 1. HP: 13/13 MP: 3/3
   190 | D:1      | Reached XP level 2. HP: 20/20 MP: 5/5
   193 | D:1      | Learned a level 2 spell: Ensorcelled Hibernation
   212 | D:1      | Reached skill level 1 in Fighting
   489 | D:1      | Gained mutation: You are afflicted with vampirism and can
                  | become a bat while bloodless. [Vampire growth]
   489 | D:1      | Reached XP level 3. HP: 26/26 MP: 6/6
   493 | D:1      | Learned a level 3 spell: Confusing Touch
  2074 | D:2      | Reached XP level 4. HP: 32/32 MP: 3/7
  2258 | D:3      | You fall into a shaft and drop 2 floors!
  2258 | D:5      | Entered Level 5 of the Dungeon
  2273 | D:5      | Noticed a scorpion
  2299 | D:5      | Killed a scorpion
  2300 | D:5      | Reached skill level 5 in Stealth
  2300 | D:5      | Reached skill level 5 in Hexes
  2300 | D:5      | Reached XP level 5. HP: 6/38 MP: 8/8
  2398 | D:5      | Learned a level 3 spell: Tukima's Dance
  2439 | D:5      | Found a shadowy altar of Dithmenos.
  2474 | D:5      | Noticed Eustachio
  2494 | D:5      | Killed Eustachio
  2495 | D:5      | Reached XP level 6. HP: 42/46 MP: 5/10
  2677 | D:5      | Noticed an ice beast
  2685 | D:5      | Killed an ice beast
  2690 | D:5      | Learned a level 3 spell: Dazzling Flash
  2778 | D:5      | Noticed a hornet
  3015 | D:4      | Noticed Ijyb
  3104 | D:4      | Reached XP level 7. HP: 37/52 MP: 6/11
  3252 | D:4      | Killed Ijyb
  3451 | D:4      | Found a sparkling altar of Nemelex Xobeh.
  3748 | D:5      | Found an iron altar of Okawaru.
  3958 | D:5      | Killed a hornet
  3959 | D:5      | Reached skill level 1 in Evocations
  3959 | D:5      | Reached XP level 8. HP: 60/60 MP: 5/13
  4194 | D:6      | Reached skill level 5 in Fighting
  4457 | D:6      | Found a staircase to the Ecumenical Temple.
  4503 | Temple   | Entered the Ecumenical Temple
  4525 | Temple   | Became a worshipper of the Wu Jian Council
  4588 | D:6      | Reached skill level 5 in Short Blades
  4783 | D:6      | Found a sacrificial altar of Ru.
  4812 | D:6      | Identified the +1 robe "Eca Viar" {Will- rCorr Str+3}
  4868 | D:6      | Found a blossoming altar of Fedhas.
  5091 | D:7      | Reached XP level 9. HP: 69/69 MP: 12/15
  5391 | D:7      | Found a flagged portal.
  5427 | Bailey   | Entered a bailey
  5468 | Bailey   | HP: 3/69 [spriggan/+0 spear (9)]
  5469 | Bailey   | Slain by a spriggan

Illustrated notes

Levels and vault maps discovered:
D:1:      eino_arrival_water_cross, layout_loops_ring,
          roderic_cross_of_infinity, minmay_misc_feat_four_crosses,
          minmay_lizard_king
D:2:      layout_basic, serial_corexii_hall, corexii_hall_statues_l,
          corexii_hall_statues_i, roderic_lattice_a
D:3:      layout_rooms
D:4:      layout_rooms, zin_academy, tso_altar,
          mainiacjoe_overflow_surrounded_room, uniq_ijyb
D:5:      layout_loops_ring, okawaru_metal_pillars_1_2, lemuel_doored_altar,
          uniq_eustachio
D:6:      layout_basic, nicolae_ru_the_path_less_chosen,
          nicolae_overflow_crystal_walls, minmay_temple_entry_wispy
D:7:      layout_basic, enter_bailey_5, uniq_maggie, uniq_jeremiah
Temple:   chequers_temple_sunken
Bailey:   bailey_polearm_enchanted_keep_hellmonk, bailey

Skill      XL: |  1  2  3  4  5  6  7  8  9 |
---------------+----------------------------+-----
Fighting       | 1 2 3 4 5 6 |  6.0
Short Blades   | 2 3 4 5 |  5.6
Stealth        | 5 6 8 |  8.8
Hexes          | 5 6 7 8 |  8.0
Dodging        | 3 4 |  4.0
Spellcasting   | 3 4 |  4.9
Evocations     | 1 2 |  2.0

Action                     |  1- 3 |  4- 6 |  7- 9 || total
---------------------------+-------+-------+-------++-------
  Melee: Dagger            |    94 |    65 |   119 ||   278
         Bite              |     3 |     4 |    14 ||    21
   Cast: Ensorcelled Hiber |    13 |    20 |    60 ||    93
         Confusing Touch   |       |     4 |     2 ||     6
         Dazzling Flash    |       |       |     1 ||     1
Ability: Lunge             |       |       |     9 ||     9
    Use: Scroll            |     2 |       |     9 ||    11
         Potion            |       |     2 |     1 ||     3
   Stab: Sleeping          |    27 |    19 |    39 ||    85
         Confused          |       |     4 |     2 ||     6
         Invisible         |       |       |     1 ||     1
 Armour: Robe              |    27 |    41 |    49 ||   117
  Dodge: Dodged            |    43 |    44 |    82 ||   169

Table legend: (Time is in decaauts)
 A = Elapsed time spent in this place.
 B = Non-inter-level travel time spent in this place.
 C = Inter-level travel time spent in this place.
 D = Time resting spent in this place.
 E = Time spent auto-exploring this place.
 F = Levels seen in this place.
 G = Mean time per level.
                   A        B        C        D        E       F      G
               +--------+--------+--------+--------+--------+-----+--------+
         Total |   5432 |   5085 |    347 |    213 |   3357 |   9 |  603.6 |
       Dungeon |   5344 |   5041 |    303 |    209 |   3357 |   7 |  763.4 |
        Temple |     45 |      1 |     44 |      0 |      0 |   1 |   45.0 |
        Bailey |     42 |     42 |      0 |      4 |      0 |   1 |   42.0 |
               +--------+--------+--------+--------+--------+-----+--------+

Top non-repeatable levels by time:
     D:1: 1106 daAuts
     D:6: 988 daAuts
     D:2: 963 daAuts
     D:5: 851 daAuts
     D:4: 662 daAuts
     D:3: 386 daAuts
     D:7: 385 daAuts
  Temple: 45 daAuts
  Bailey: 42 daAuts
